 Dungeon Crawl Stone Soup version 0.31.0-11-ge490571c62 (webtiles) character file.

Game seed: 18127939244740321697

6357 yokelz the Martial Artist (level 10, -1/48 HPs)
             Began as a Demonspawn Shapeshifter on Feb 2, 2024.
             Was an Initiate of Ru.
             Killed by divine providence
             ... invoked by an orc priest
              (14 damage)
             ... on level 9 of the Dungeon.
             The game lasted 00:16:37 (9181 turns).

yokelz the Martial Artist (Demonspawn Shapeshifter) Turns: 9181, Time: 00:16:37

Health: -1/48      AC:  4    Str: 14    XL:     10   Next: 65%
Magic:  10/10      EV: 19    Int: 11    God:    Ru [......]
Gold:   200        SH:  0    Dex: 17    Spells: 9/9 levels left

rFire   . .          .
                       - Unarmed
rCold   . . .        (shield currently unavailable)
rNeg    . . .        J - melded +4 scale mail {rF+}
rPois   +            (no helmet)
rElec   .            (no cloak)
rCorr   +            (no gloves)
SInv    .            (no boots)
Will    .....        (no amulet) Stlth
                     e - ring of resist corrosion
HPRegen 0.28/turn    v - ring of flight
MPRegen 0.24/turn

%: no passive effects
@: flux-form, flying, glowing
A: glow, contaminating, reduced hp, hooves 2, slimy green scales 3, demonic
guardian 1, magic regeneration, no stealth
a: Begin Untransformation, Renounce Religion


You were on level 9 of the Dungeon.
You worshipped Ru.
Ru was noncommittal.
You were something dangerously unstable.
You visited 2 branches of the dungeon, and saw 10 of its levels.
You also visited: Sewer and Bailey.

You collected 488 gold pieces.
You spent 288 gold pieces at shops.

Inventory:

Missiles
 h - 4 curare-tipped darts (quivered)
 n - 33 poisoned darts
Armour
 a - a +0 animal skin
 m - a +0 leather armour
 o - a +0 pair of gloves
 r - a scarf of shadows
 s - a +4 scale mail
 C - an orb of energy
 I - a +3 leather armour of cold resistance
 J - a +4 scale mail of fire resistance (melded)
Jewellery
 e - a ring of resist corrosion (left hand)
 v - a ring of flight (right hand)
 w - a ring of see invisible
 x - the amulet of Jiaril {Spirit Rampage ^Drain rN+ Stlth+}
   (You found it on level 3 of the Dungeon)

   [amulet of guardian spirit]

   Spirit:    It causes incoming damage to be divided between your reserves of
   health and magic.
   rN+:       It protects you from negative energy.
   ^Drain:    It drains your maximum health when unequipped.
   Rampage:   It bestows one free step when moving towards enemies.
   Stlth+:    It makes you more stealthy.
Talismans
 c - a beast talisman
 d - a flux talisman (active)
 t - a flux talisman (active)
Wands
 D - a wand of charming (28)
 E - a wand of roots (20)
Scrolls
 i - 4 scrolls of poison
 j - 2 scrolls of fear
 l - 6 scrolls of teleportation
 q - 2 scrolls of amnesia
 u - 2 scrolls of enchant weapon
 y - 2 scrolls of enchant armour
 z - a scroll of summoning
 G - a scroll of revelation
 K - a scroll of vulnerability {unknown}
Potions
 b - 3 potions of lignification
 g - 2 potions of mutation {unknown}
 k - a potion of brilliance
 p - 3 potions of heal wounds
 A - a potion of magic
 B - 3 potions of cancellation
 F - a potion of ambrosia {unknown}
 H - a potion of invisibility {unknown}


   Skills:
 + Level 6.9 Fighting
 - Level 1.1 Armour
 + Level 6.5 Dodging
 - Level 11.9 Unarmed Combat
 - Level 3.2 Shapeshifting


You had 9 spell levels left.
You didn't know any spells.
Your spell library contained the following spells:

 Spells                   Type           Power      Damage    Failure   Level
 Kiss of Death            Conj/Necr      0%         2d5       34%         1
 Summon Small Mammal      Summ           0%         N/A       34%         1
 Call Imp                 Summ           0%         N/A       47%         2
 Sublimation of Blood     Necr           0%         N/A       47%         2
 Call Canine Familiar     Summ           0%         N/A       71%         3
 Confusing Touch          Hex            0%         N/A       71%         3
 Dispel Undead            Necr           0%         3d6       98%         4
 Summon Blazeheart Golem  Fire/Summ      0%         N/A       98%         4
 Vhi's Electric Charge    Tloc/Air       0%         N/A       98%         4
 Arcjolt                  Conj/Air       0%         1d10      100%        5
 Conjure Ball Lightning   Conj/Air       0%         3x3d6     100%        6
 Summon Hydra             Summ           0%         N/A       100%        7
 Discord                  Hex            0%         N/A       100%        8
 Disjunction              Tloc           0%         N/A       100%        8
 Maxwell's Capacitive Co  Air            0%         ∞         100%        8


Dungeon Overview and Level Annotations

Branches:
Dungeon (9/15)             Temple (1/1) D:6           Sewer (visited)
 Bailey (visited)
   Lair: D:8-11         Orc: D:9-12

Altars:
Ashenzari
Cheibriados
Dithmenos
Fedhas
Gozag
Hepliaklqana
Kikubaaqudgha
Makhleb
Nemelex Xobeh
Okawaru
Qazlal
Ru
Sif Muna
Trog
Uskayaw
Vehumet
Wu Jian
Xom
Yredelemnul

Shops:
D:7 [


Innate Abilities, Weirdness & Mutations

You are something dangerously unstable.
You glow with magical radiation, making you easy to see and hit.
Foes you strike become dangerously contaminated with magical radiation.
Your maximum health is decreased, since you lack skill for your form.
You are incapable of wielding weapons or throwing items.
You have hoof-like feet.
You are completely covered in slimy green scales. (AC +4, rPois)
A weak demonic guardian rushes to your aid.
You regenerate magic rapidly.
You cannot be stealthy.


Message History

The centaur shouts!
You hear a shout!
An electric eel comes into view.
The centaur wields a +0 orcbow.
The centaur shoots an arrow.
The arrow misses you.
An electric eel comes into view.
An electric eel comes into view.
The centaur unwields a +0 orcbow.
The centaur completely misses you. The centaur closely misses you.
An orc priest comes into view. It is wielding a +0 mace.
You punch the centaur!
The centaur begins to glow.
You kick the centaur.
The centaur is heavily wounded.
The centaur closely misses you. The centaur kicks you.
You hit the centaur.
The centaur glows dangerously bright.
You kick the centaur, but do no damage.
The centaur is heavily wounded.
The centaur misses you. The centaur closely misses you. The centaur hits you.
The centaur barely misses you.
You hit the centaur.
The centaur shudders as magic cascades through it!
You kill the centaur!
The orc priest looks encouraged for a moment.
The electric eel shoots out a bolt of lightning at you!
The bolt of electricity hits the electric eel.
The electric eel completely resists.
The bolt of electricity hits you!
A demonic guardian appears!
An orc comes into view. It is wielding a +0 flail.
Danger: Low HP Warning |T2| Reason: 60% HP (29/48)
The orc shouts!
The electric eel shoots out a bolt of lightning at you!
The bolt of electricity hits the electric eel.
The electric eel completely resists.
The bolt of electricity hits you!
The electric eel shoots out a bolt of lightning at you!
The bolt of electricity hits you!
You see here a +0 orcbow.
Danger: Low HP Warning |T3| Reason: 25% HP (12/48)
Okay, then.
As you read the scroll of fog, it dissolves into smoke.
The orc priest calls down the wrath of Beogh upon you.
Beogh smites you!
You die...

............♣~~....
...........P~~♣~♣♣.
#####...##♣~~~~~~♣
..#####...##~P~~P~P♣
............P~~~~≈≈♣
............~P~P~≈≈≈
##.........§♣~~~≈≈≈≈
#....$.§§5..S~~~≈~
#......§p§§.....
#......§§§..P~~~
.......?.....♣~~~
..............~~~
#....P...o....P♣
..PPS##..#####~
P~~~S #... ~♣♣P~
....


You could see 3 electric eels, an orc priest and a friendly ufetubus (summoned).

Vanquished Creatures
  An orc knight (Bailey)
  Prince Ribbit (D:5)
  Sigmund (D:3)
  13 yaks
  2 steam dragons
  A water moccasin (D:5)
  Pargi (Sewer)
  An ice beast (D:5)
  4 orc warriors
  A sky beast (D:7)
  3 centaurs
  2 ogres
  2 phantoms
  A kobold brigand (D:8)
  8 bullfrogs
  A brain worm (Sewer)
  2 gnoll sergeants (D:8)
  2 scorpions (D:5)
  3 hounds
  A bombardier beetle (D:5)
  A jelly (Sewer)
  4 orc priests
  2 sleepcaps
  Ijyb (D:5)
  7 iguanas
  11 orc wizards
  13 gnolls
  9 adders
  A shadow imp (D:5)
  5 white imps
  2 ufetubi (D:7)
  A dart slug (D:5)
  A ribbon worm (D:5)
  27 orcs
  5 ball pythons
  3 endoplasms
  4 giant cockroaches
  6 hobgoblins
  4 jackals (D:3)
  23 kobolds
  2 quokkas (D:3)
  8 bats
  2 frilled lizards
  11 goblins
  8 rats
212 creatures vanquished.

Vanquished Creatures (collateral kills)
  An iguana (D:6)
  An orc wizard (D:9)
  An orc (D:9)
3 creatures vanquished.

Grand Total: 215 creatures vanquished

Notes
Turn   | Place    | Note
-------+----------+-------------------------------------------
     0 | D:1      | yokelz the Demonspawn Shapeshifter began the quest for the
                  | Orb.
     0 | D:1      | Reached XP level 1. HP: 15/15 MP: 1/1
    54 | D:1      | Danger: Low HP Warning |T2| Reason: 60% HP (9/15)
    62 | D:1      | Danger: Low HP Warning |T2| Reason: 40% HP (6/15)
   137 | D:1      | Reached skill level 3 in Unarmed Combat
   137 | D:1      | Gained mutation: You have large cloven feet. [demonic
                  | ancestry]
   137 | D:1      | Reached XP level 2. HP: 21/21 MP: 2/2
   835 | D:1      | Found a faded altar of an unknown god.
   973 | D:2      | Gained mutation: You are partially covered in slimy green
                  | scales. (AC +2) [demonic ancestry]
   973 | D:2      | Reached XP level 3. HP: 16/26 MP: 3/3
  1382 | D:2      | Gained mutation: You regenerate magic rapidly. [demonic
                  | ancestry]
  1382 | D:2      | Reached XP level 4. HP: 26/32 MP: 4/4
  1526 | D:3      | Danger: orc wizard |T2| Reason: OOD monster, careful!
  1536 | D:3      | Danger: orc wizard |T2| Reason: OOD monster, careful!
  1543 | D:3      | Reached skill level 1 in Armour
  1664 | D:3      | Identified the amulet of Jiaril {Spirit Rampage ^Drain rN+
                  | Stlth+}
  1717 | D:3      | Noticed Sigmund
  1718 | D:3      | Danger: Sigmund |T2| Reason: Unique monster, careful!
  1721 | D:3      | Danger: Sigmund |T2| Reason: Unique monster, careful!
  1723 | D:3      | Danger: Sigmund |T2| Reason: Unique monster, careful!
  1731 | D:3      | Killed Sigmund
  1732 | D:3      | Reached skill level 5 in Unarmed Combat
  1732 | D:3      | Gained mutation: A weak demonic guardian rushes to your
                  | aid. [demonic ancestry]
  1732 | D:3      | Reached XP level 5. HP: 35/37 MP: 5/5
  1732 | D:3      | Reached XP level 6. HP: 41/43 MP: 6/6
  2039 | D:3      | Found a glowing drain.
  2046 | Sewer    | Entered a sewer
  2137 | Sewer    | Reached skill level 6 in Unarmed Combat
  2172 | Sewer    | Noticed Pargi
  2173 | Sewer    | Danger: Pargi |T2| Reason: Unique monster, careful!
  2179 | Sewer    | Killed Pargi
  2554 | D:4      | Gained mutation: You have hoof-like feet. [demonic
                  | ancestry]
  2554 | D:4      | Reached XP level 7. HP: 48/48 MP: 7/7
  2640 | D:4      | Reached skill level 7 in Unarmed Combat
  2880 | D:4      | Danger: orc priest |T2| Reason: OOD monster, careful!
  2888 | D:4      | Danger: orc priest |T2| Reason: OOD monster, careful!
  2902 | D:4      | Danger: orc wizard |T2| Reason: OOD monster, careful!
  3273 | D:4      | Found a burning altar of Makhleb.
  3319 | D:4      | Found a stormy altar of Qazlal.
  3319 | D:4      | Found a hazy altar of Hepliaklqana.
  3352 | D:5      | Entered Level 5 of the Dungeon
  3461 | D:5      | Danger: Low HP Warning |T2| Reason: 54% HP (26/48)
  3472 | D:5      | Reached skill level 8 in Unarmed Combat
  3666 | D:5      | Noticed Ijyb
  3667 | D:5      | Danger: Ijyb |T2| Reason: Unique monster, careful!
  3667 | D:5      | Danger: Ijyb |T2| Reason: carrying a wand of charming,
                  | careful!
  3672 | D:5      | Gained mutation: You are mostly covered in slimy green
                  | scales. (AC +3) [demonic ancestry]
  3672 | D:5      | Reached XP level 8. HP: 53/54 MP: 8/8
  3678 | D:5      | Killed Ijyb
  3892 | D:5      | Reached skill level 9 in Unarmed Combat
  4275 | D:5      | Noticed Prince Ribbit
  4276 | D:5      | Danger: Prince Ribbit |T2| Reason: Unique monster, careful!
  4285 | D:5      | Killed Prince Ribbit
  4489 | D:6      | Danger: yak |T2| Reason: OOD monster, careful!
  4490 | D:6      | Danger: yak |T2| Reason: OOD monster, careful!
  4493 | D:6      | Danger: yak |T2| Reason: OOD monster, careful!
  4495 | D:6      | Reached skill level 10 in Unarmed Combat
  4500 | D:6      | Danger: yak |T2| Reason: OOD monster, careful!
  4500 | D:6      | Danger: Low HP Warning |T2| Reason: 46% HP (25/54)
  4506 | D:6      | Gained mutation: You are completely covered in slimy green
                  | scales. (AC +4, rPois) [demonic ancestry]
  4506 | D:6      | Reached XP level 9. HP: 17/59 MP: 9/9
  4506 | D:6      | Danger: Low HP Warning |T2| Reason: 28% HP (17/59)
  4508 | D:6      | Danger: Low HP Warning |T3| Reason: 22% HP (13/59)
  4509 | D:6      | Danger: Low HP Warning |T3| Reason: 15% HP (9/59)
  4513 | D:6      | Danger: yak |T2| Reason: OOD monster, careful!
  4513 | D:6      | Danger: Low HP Warning |T3| Reason: 6% HP (4/59)
  4516 | D:6      | Danger: yak |T2| Reason: OOD monster, careful!
  4522 | D:6      | Danger: Low HP Warning |T2| Reason: 47% HP (28/59)
  4527 | D:6      | Danger: Low HP Warning |T2| Reason: 45% HP (27/59)
  4529 | D:6      | Reached skill level 11 in Unarmed Combat
  4531 | D:6      | Danger: Low HP Warning |T2| Reason: 40% HP (24/59)
  4535 | D:6      | Danger: Low HP Warning |T2| Reason: 37% HP (22/59)
  5698 | D:6      | Found a staircase to the Ecumenical Temple.
  5707 | Temple   | Entered the Ecumenical Temple
  5734 | Temple   | Became a worshipper of Ru the Awakened
  5852 | D:6      | Danger: yak |T2| Reason: OOD monster, careful!
  5853 | D:6      | Danger: Low HP Warning |T2| Reason: 60% HP (37/61)
  5859 | D:6      | Danger: Low HP Warning |T2| Reason: 57% HP (35/61)
  5861 | D:6      | Danger: Low HP Warning |T2| Reason: 39% HP (24/61)
  6365 | D:7      | Danger: goblin |T2| Reason: Quivering boomerangs, careful!
  6371 | D:7      | Danger: goblin |T2| Reason: Quivering boomerangs, careful!
  6371 | D:7      | Danger: goblin |T2| Reason: Quivering boomerangs, careful!
  6375 | D:7      | Danger: goblin |T2| Reason: Quivering boomerangs, careful!
  6375 | D:7      | Found a flagged portal.
  6376 | D:7      | Danger: goblin |T2| Reason: Quivering boomerangs, careful!
  6376 | D:7      | Danger: goblin |T2| Reason: Quivering boomerangs, careful!
  6395 | Bailey   | Entered a bailey
  6400 | Bailey   | Noticed an orc warlord
  6401 | Bailey   | Danger: kobold |T2| Reason: Quivering boomerangs, careful!
  6403 | Bailey   | Danger: kobold |T2| Reason: Quivering boomerangs, careful!
  6403 | Bailey   | Danger: kobold |T2| Reason: Quivering boomerangs, careful!
  6408 | Bailey   | Danger: kobold |T2| Reason: Quivering boomerangs, careful!
  6413 | Bailey   | Danger: kobold |T2| Reason: Quivering boomerangs, careful!
  6416 | Bailey   | Danger: kobold |T2| Reason: Quivering boomerangs, careful!
  6430 | Bailey   | Danger: kobold |T2| Reason: Quivering boomerangs, careful!
  6432 | Bailey   | Danger: kobold |T2| Reason: Quivering boomerangs, careful!
  6471 | Bailey   | Danger: kobold |T2| Reason: Quivering boomerangs, careful!
  6484 | Bailey   | Danger: kobold |T2| Reason: Quivering boomerangs, careful!
  6557 | Bailey   | Danger: kobold |T2| Reason: Quivering boomerangs, careful!
  6559 | Bailey   | Danger: kobold |T2| Reason: Quivering boomerangs, careful!
  6566 | Bailey   | Danger: kobold |T2| Reason: Quivering boomerangs, careful!
  6583 | Bailey   | Reached XP level 10. HP: 73/73 MP: 10/10
  6588 | Bailey   | Noticed an orc knight
  6591 | Bailey   | Danger: kobold |T2| Reason: Quivering boomerangs, careful!
  6602 | Bailey   | Danger: Low HP Warning |T2| Reason: 58% HP (43/73)
  6609 | Bailey   | Danger: Low HP Warning |T2| Reason: 43% HP (32/73)
  6610 | Bailey   | Danger: Low HP Warning |T2| Reason: 41% HP (30/73)
  6611 | Bailey   | Danger: Low HP Warning |T2| Reason: 38% HP (28/73)
  6613 | Bailey   | Killed an orc knight
  6614 | Bailey   | Reached skill level 5 in Fighting
  6645 | Bailey   | Danger: kobold |T2| Reason: Quivering boomerangs, careful!
  6673 | Bailey   | Found a runed translucent gate.
  6675 | Bailey   | Found a runed translucent gate.
  6758 | Bailey   | Found a runed translucent gate.
  6814 | Bailey   | Danger: Low HP Warning |T2| Reason: 60% HP (45/74)
  6816 | Bailey   | Danger: Low HP Warning |T2| Reason: 51% HP (38/74)
  6817 | Bailey   | Danger: Low HP Warning |T3| Reason: 21% HP (16/74)
  6825 | Bailey   | Danger: Low HP Warning |T3| Reason: 10% HP (8/74)
  7149 | D:7      | Gained mutation: You cannot be stealthy. [Ru sacrifice]
  7461 | D:7      | Found Uxodghiut's Antique Armour Emporium.
  7466 | D:7      | Bought a dyed leather armour for 120 gold pieces
  7466 | D:7      | Bought a shiny scale mail for 168 gold pieces
  7532 | D:7      | Found an ancient bone altar of Kikubaaqudgha.
  7599 | D:8      | Danger: Low HP Warning |T2| Reason: 60% HP (45/74)
  7600 | D:8      | Danger: Low HP Warning |T2| Reason: 59% HP (44/74)
  7601 | D:8      | Danger: Low HP Warning |T2| Reason: 54% HP (40/74)
  7602 | D:8      | Danger: Low HP Warning |T2| Reason: 47% HP (35/74)
  7604 | D:8      | Danger: Low HP Warning |T2| Reason: 40% HP (30/74)
  7606 | D:8      | Danger: Low HP Warning |T2| Reason: 39% HP (29/74)
  7607 | D:8      | Danger: Low HP Warning |T2| Reason: 35% HP (26/74)
  7608 | D:8      | Danger: Low HP Warning |T2| Reason: 31% HP (23/74)
  7609 | D:8      | Danger: Low HP Warning |T3| Reason: 24% HP (18/74)
  7610 | D:8      | Danger: Low HP Warning |T3| Reason: 16% HP (12/74)
  7612 | D:8      | Danger: Low HP Warning |T2| Reason: 47% HP (35/74)
  7613 | D:8      | Danger: Low HP Warning |T2| Reason: 43% HP (32/74)
  7614 | D:8      | Danger: Low HP Warning |T2| Reason: 41% HP (31/74)
  7615 | D:8      | Danger: Low HP Warning |T2| Reason: 39% HP (29/74)
  7616 | D:8      | Danger: Low HP Warning |T2| Reason: 37% HP (28/74)
  7618 | D:8      | Danger: Low HP Warning |T2| Reason: 36% HP (27/74)
  7619 | D:8      | Danger: Low HP Warning |T2| Reason: 35% HP (26/74)
  7900 | D:8      | Identified the +1 scale mail "Ogeibeaq" {rElec rPois Int-4
                  | SInv}
  7954 | D:8      | Reached skill level 5 in Dodging
  8303 | D:8      | Danger: Low HP Warning |T2| Reason: 52% HP (40/76)
  8310 | D:8      | Danger: Low HP Warning |T2| Reason: 43% HP (33/76)
  8314 | D:8      | Danger: Low HP Warning |T2| Reason: 39% HP (30/76)
  9016 | D:9      | Danger: orc |T2| Reason: Quivering boomerangs, careful!
  9032 | D:9      | Danger: orc |T2| Reason: Quivering boomerangs, careful!
  9044 | D:9      | Danger: Low HP Warning |T2| Reason: 56% HP (27/48)
  9180 | D:9      | Danger: Low HP Warning |T2| Reason: 60% HP (29/48)
  9181 | D:9      | Danger: Low HP Warning |T3| Reason: 25% HP (12/48)
  9181 | D:9      | Killed from afar by an orc priest

Illustrated notes

Levels and vault maps discovered:
D:1:      lemuel_arrival_rhombus, layout_loops_ring,
          dilly_ecumenical_altar_fadedgnrine, minmay_hexomino_u4
D:2:      layout_basic
D:3:      layout_basic, gup_sewer_entry_bubbles, uniq_sigmund
D:4:      layout_basic, gammafunk_temple_overflow_elements,
          kennysheep_mini_moat, roderic_batcave
D:5:      layout_loops_ring, chequers_arboretum, nicolae_figureground_pulse,
          uniq_prince_ribbit1, uniq_ijyb
D:6:      layout_loops_corners, temple_green
D:7:      layout_basic, mainiacjoe_overflow_six_doors_small, enter_bailey_5,
          serial_shops, kennysheep_little_box, st_stairs_13
D:8:      layout_basic
D:9:      layout_long_grid, david_lair_shrubbed, orc_0_dummy, serial_bayou,
          serial_bayou_pond_c, serial_bayou_crossing, serial_bayou_lagoon_b,
          serial_bayou_pond_c
Temple:   hc_temple_tempest_star

Skill      XL: |  1  2  3  4  5  6  7  8  9 10 |
---------------+-------------------------------+-----
Unarmed Combat | 3 5 6 8 10 11 | 11.9
Dodging        | 2 4 6 |  6.5
Shapeshifting  | 3 |  3.2
Armour         | 1 |  1.1
Fighting       | 4 6 |  6.9

Action                     |  1- 3 |  4- 6 |  7- 9 | 10-12 || total
---------------------------+-------+-------+-------+-------++-------
  Melee: Unarmed           |    95 |    88 |   324 |   174 ||   681
         Kick              |    14 |    21 |   102 |    63 ||   200
         Punch             |     2 |     4 |    21 |    10 ||    37
 Invoke: Sacrifice Stealth |       |       |       |     1 ||     1
    Use: Scroll            |       |     4 |     5 |     1 ||    10
         Potion            |       |       |     7 |     1 ||     8
   Stab: Sleeping          |     1 |       |       |       ||     1
         Distracted        |       |       |       |     3 ||     3
 Armour: Animal skin       |    23 |       |       |       ||    23
         Leather armour    |    21 |       |       |       ||    21
         Scale mail        |    25 |    57 |   227 |    84 ||   393
         Skin              |       |       |       |    18 ||    18
  Dodge: Dodged            |    49 |    33 |   118 |   112 ||   312
   Form: Flux              |       |       |     1 |     1 ||     2
         Beast             |       |       |     1 |       ||     1
